 Dungeon Crawl Stone Soup version 0.26.0-16-gc1dbca0489 (webtiles) character file.

Game seed: 6257106274842344012

1391 zcampers the Cleaver (level 8, 0/106 HPs)
             Began as a Minotaur Berserker on Jan 21, 2021.
             Was a Priest of Trog.
             Succumbed to a water moccasin's poison
             ... on level 6 of the Dungeon.
             The game lasted 00:09:18 (6002 turns).

zcampers the Cleaver (Minotaur Berserker)           Turns: 6002, Time: 00:09:19

Health: 0/106      AC: 14    Str: 22    XL:     8   Next: 40%
Magic:  0/7        EV: 11    Int:  6    God:    Trog [***...]
Gold:   348        SH:  0    Dex: 10    Spells: 7/7 levels left

rFire    . . .     SeeInvis +   y - +1 war axe (elec)
rCold    . . .     Faith    .   (no shield)
rNeg     . . .     Spirit   +   h - +1 scale mail
rPois    .         Reflect  .   n - +0 hat
rElec    .         Harm     .   (no cloak)
rCorr    .         Rampage  .   (no gloves)
Will     .....                  p - +0 pair of boots
Stlth    ..........             b - amulet of guardian spirit
HPRegen  0.27/turn              i - +4 ring of protection
MPRegen  0.10/turn              g - ring of see invisible

@: berserking, lethally poisoned (0 -> -13), very quick
A: retaliatory headbutt, horns 2
a: Renounce Religion, Berserk, Trog's Hand


You were on level 6 of the Dungeon.
You worshipped Trog.
Trog was most pleased with you.
You visited 1 branch of the dungeon, and saw 6 of its levels.

You collected 348 gold pieces.

Inventory:

Hand Weapons
 m - a +2 flail of holy wrath
 y - a +1 war axe of electrocution (weapon)
Armour
 h - a +1 scale mail (worn)
 n - a +0 hat (worn)
 p - a +0 pair of boots (worn)
Jewellery
 b - an amulet of guardian spirit (around neck)
 g - a ring of see invisible (right hand)
 i - a +4 ring of protection (left hand)
 j - an uncursed ring of protection from fire
Wands
 a - a wand of iceblast (9)
 o - a wand of acid (4)
 v - a wand of random effects (21)
Scrolls
 c - 5 scrolls of identify
 d - 4 scrolls of teleportation
 k - 3 scrolls of remove curse
 q - a scroll of blinking
 r - 3 scrolls of enchant armour
 t - 2 scrolls of fog
 x - a scroll of fear
Potions
 e - 2 potions of curing
 f - 3 potions of haste
 l - a potion of resistance
 s - a potion of flight
 u - a potion of magic {unknown}


   Skills:
 + Level 6.3 Fighting
 + Level 9.3 Axes
 + Level 6.4 Armour
 + Level 4.0 Dodging
 + Level 1.2 Stealth


You had 7 spell levels left.
You didn't know any spells.
Your spell library was empty.

Dungeon Overview and Level Annotations

Branches:
Dungeon (6/15)             Temple (0/1) D:5

Altars:
Cheibriados
Elyvilon
Fedhas
Hepliaklqana
Kikubaaqudgha
Makhleb
Qazlal
Vehumet
Wu Jian
Yredelemnul


Innate Abilities, Weirdness & Mutations

You reflexively headbutt those who attack you in melee.
You have a pair of horns on your head.


Message History

You closely miss the orc wizard. You headbutt the orc wizard!
You kill the orc wizard!
Trog accepts your kill.
Trog appreciates your killing of a magic user.
Your scale mail prevents you from hitting the water moccasin.
You feel sick. The water moccasin bites you.
* * * LOW HITPOINT WARNING * * *
You are more poisoned.
The water moccasin poisons you!
Your Dodging skill increases to level 4!
You barely miss the water moccasin.
Your headbutt misses the water moccasin.
The water moccasin is heavily wounded.
* * * LOW HITPOINT WARNING * * *
You feel sick.
The water moccasin bites you but does no damage.
You barely miss the water moccasin.
Your headbutt misses the water moccasin.
The water moccasin is heavily wounded.
You die...

.....###### .....#
......... .....#
####........
.....##+###..........
#...............o...
#..................
#.............# .#
#.............###S#
#...†...)......)@.#
#.#################
#.### #...# ###.#
#.#############
###.............#
...#............#
##.#.#.#.#####..#


You could see a water moccasin.

Vanquished Creatures
  Grinder (D:4)
  An orc warrior (D:6)
  A phantom (D:5)
  A centaur (D:5)
  An ogre (D:5)
  The ghost of Cheops the Digger, an amateur DgEE (D:3)
  A bullfrog (D:3)
  A centaur skeleton (D:4)
  2 hounds
  5 orc priests
  An iguana (D:5)
  7 orc wizards
  2 worker ants
  A hound skeleton (D:3)
  7 adders
  2 shadow imps
  A white imp (D:5)
  2 oozes
  2 worms (D:4)
  3 dart slugs
  2 leopard geckos
  27 orcs
  12 bats
  3 giant cockroaches
  5 hobgoblins
  6 jackals
  2 quokkas (D:2)
  4 frilled lizards
  10 goblins
  10 kobolds
  3 quokka skeletons
  12 rats
139 creatures vanquished.

Vanquished Creatures (others)
  4 fungi (D:4)
  5 plants (D:4)
9 creatures vanquished.

Grand Total: 148 creatures vanquished

Notes
Turn   | Place    | Note
-------+----------+-------------------------------------------
     0 | D:1      | zcampers the Minotaur Berserker began the quest for the
                  | Orb.
     0 | D:1      | Reached XP level 1. HP: 19/19 MP: 0/0
   488 | D:1      | Reached skill level 4 in Axes
   488 | D:1      | Reached XP level 2. HP: 27/27 MP: 1/1
   888 | D:1      | Reached XP level 3. HP: 25/33 MP: 0/2
  1123 | D:2      | Reached XP level 4. HP: 37/41 MP: 1/3
  1369 | D:2      | Reached skill level 5 in Axes
  1369 | D:2      | Reached ** piety under Trog
  1653 | D:2      | Found a white marble altar of Elyvilon.
  1725 | D:2      | Found a basalt altar of Yredelemnul.
  1775 | D:2      | Found a radiant altar of Vehumet.
  1780 | D:2      | Found a burning altar of Makhleb.
  1780 | D:2      | Found an ornate altar of the Wu Jian Council.
  1796 | D:2      | Reached XP level 5. HP: 44/47 MP: 4/4
  2015 | D:3      | Noticed Cheops's ghost (amateur DgEE)
  2031 | D:3      | Found a runed translucent gate.
  2031 | D:3      | Found a runed translucent gate.
  2033 | D:3      | Found a runed translucent gate.
  2154 | D:3      | You fall into a shaft and drop 3 floors!
  2200 | D:6      | Noticed a phantom
  2281 | D:6      | Reached skill level 6 in Axes
  2453 | D:5      | Entered Level 5 of the Dungeon
  2499 | D:5      | Found a burning altar of Makhleb.
  2578 | D:5      | Noticed a phantom
  2584 | D:5      | Noticed a centaur
  2586 | D:5      | Noticed an ogre
  2615 | D:5      | Killed an ogre
  2616 | D:5      | Reached skill level 5 in Fighting
  2616 | D:5      | Reached XP level 6. HP: 30/56 MP: 2/5
  2656 | D:5      | Found a staircase to the Ecumenical Temple.
  2685 | D:5      | Reached skill level 7 in Axes
  2685 | D:5      | Reached skill level 5 in Armour
  2685 | D:5      | Reached XP level 7. HP: 25/61 MP: 2/6
  2961 | D:5      | Found a snail-covered altar of Cheibriados.
  3613 | D:3      | Reached *** piety under Trog
  3927 | D:3      | Killed Cheops's ghost
  4077 | D:4      | HP: 4/93 [orc priest/divine providence (8)]
  4350 | D:4      | Reached skill level 8 in Axes
  4586 | D:4      | Found a hazy altar of Hepliaklqana.
  4645 | D:4      | Found an ancient bone altar of Kikubaaqudgha.
  4806 | D:4      | Found a blossoming altar of Fedhas.
  4807 | D:4      | Found a stormy altar of Qazlal.
  4969 | D:4      | Noticed Grinder
  4973 | D:4      | Paralysed by Grinder for 2 turns
  4981 | D:4      | Paralysed by Grinder for 3 turns
  4993 | D:4      | Killed Grinder
  4994 | D:4      | Reached skill level 1 in Stealth
  4994 | D:4      | Reached XP level 8. HP: 56/70 MP: 5/7
  5587 | D:5      | Got a transparent dagger
  5589 | D:5      | Identified the +4 dagger of Freehold {vorpal, rC+ rN+} (You
                  | found it on level 5 of the Dungeon)
  5978 | D:6      | Reached skill level 9 in Axes
  6000 | D:6      | HP: 2/106 [water moccasin (6)]
  6002 | D:6      | Succumbed to a water moccasin's poison

Illustrated notes

Levels and vault maps discovered:
D:1:      minmay_arrival_three_doors, layout_loops_corners,
          minmay_close_crescents
D:2:      kb_forest_paths, layout_basic, kennysheep_ying_yang,
          gammafunk_temple_overflow_forgotten
D:3:      minmay_spotlight, layout_rooms, serial_corexii_hall,
          corexii_hall_statues_i, chequers_hall_statues_y,
          corexii_hall_statues_l, corexii_hall_statues_l, gammafunk_ghost_split
D:4:      layout_layer_cave, grunt_temple_overflow_forces_of_nature,
          nzn_hepliaklqana_mist_gate, kiku_gazebo_garden_becter, uniq_grinder
D:5:      layout_basic, overflow_temple_1_default,
          minmay_temple_entry_antechambers, basic_altar
D:6:      layout_basic, uniq_maggie

Skill      XL: |  1  2  3  4  5  6  7  8 |
---------------+-------------------------+-----
Axes           | 4 5 6 7 8 9 |  9.3
Fighting       | 4 5 6 |  6.3
Armour         | 3 4 5 6 |  6.4
Dodging        | 3 4 |  4.0
Stealth        | 1 |  1.2

Action                   |  1- 3 |  4- 6 |  7- 9 || total
-------------------------+-------+-------+-------++-------
Melee: Hand axe          |    37 |   102 |       ||   139
       Headbutt          |     4 |    21 |    27 ||    52
       War axe           |       |    35 |   153 ||   188
Invok: Berserk           |     2 |     2 |     3 ||     7
       Trog's Hand       |       |     2 |     1 ||     3
  Use: Scroll            |     3 |     5 |     6 ||    14
       Potion            |     1 |     3 |     1 ||     5
Armor: Ring mail         |     2 |       |       ||     2
       Animal skin       |     1 |       |       ||     1
       Scale mail        |    19 |    92 |    88 ||   199
Dodge: Dodged            |    30 |    92 |    84 ||   206
